 Dungeon Crawl Stone Soup version 0.21.1-1-g345015f (webtiles) character file.

180 Melicamp the Skirmisher (level 5, -3/39 HPs)
             Began as an Octopode Wanderer on Apr 2, 2018.
             Killed by nerve-wracking pain
             ... invoked by an orc priest
              (14 damage)
             ... on level 3 of the Dungeon.
             The game lasted 00:09:13 (3315 turns).

Melicamp the Skirmisher (Octopode Wanderer)         Turns: 3315, Time: 00:09:14

Health: -3/39      AC:  1    Str: 15    XL:     5   Next: 60%
Magic:  5/5        EV: 12    Int: 12    God:
Gold:   190        SH:  0    Dex: 11    Spells: 4/4 levels left

rFire    . . .     SeeInvis .   c - +0 hand axe
rCold    . . .     Gourm    .   (no shield)
rNeg     . . .     Faith    .   (helmet restricted)
rPois    .         Spirit   .   (no amulet)
rElec    .         Reflect  .   (no ring)
rCorr    .         Harm     .   (no ring)
MR       .....                  (no ring)
Stlth    +++.......             (no ring)
HPRegen  0.13/turn              (no ring)
MPRegen  0.09/turn              (no ring)
                                (no ring)
                                (no ring)

@: no status effects
A: almost no armour, stealthy swim, amphibious, 8 rings, constrict 8, camouflage
1, gelatinous body 1
a: no special abilities


You were on level 3 of the Dungeon.
You were not hungry.

You visited 1 branch of the dungeon, and saw 3 of its levels.

You collected 190 gold pieces.

Inventory:

Hand Weapons
 a - a +2 shortbow
 c - a +0 hand axe (weapon)
Missiles
 b - 89 arrows
 k - 45 stones (quivered)
Scrolls
 g - 2 scrolls of teleportation {unknown}
 h - a scroll of fog {unknown}
 i - 2 scrolls of fear {unknown}
 l - a scroll of magic mapping {unknown}
 m - 3 scrolls of remove curse {unknown}
 o - a scroll of immolation {unknown}
 p - 4 scrolls of identify {unknown}
 s - a scroll of random uselessness {unknown}
Potions
 d - a potion of lignification
 e - a potion of invisibility {unknown}
 j - a potion of mutation {unknown}
 q - a potion of brilliance {unknown}
 r - a potion of heal wounds {unknown}
Comestibles
 f - 5 rations
 n - 4 chunks of flesh


   Skills:
 * Level 5.3 Fighting
 + Level 2.7 Axes
 - Level 5.0 Bows
 - Level 1.3 Stealth
   Level 1.1 Evocations


You had 4 spell levels left.
You didn't know any spells.

Dungeon Overview and Level Annotations

Branches:
Dungeon (3/15)

Altars:


Innate Abilities, Weirdness & Mutations

You cannot wear most types of armour.
You are very stealthy in the water. (Stealth+)
You are amphibious.
You can wear up to eight rings at the same time.
You can use your tentacles to constrict eight enemies at once.
Your skin changes colour to match your surroundings (Stealth+).
Your rubbery body absorbs attacks. (AC +1, EV +1)


Message History

The orc wizard is severely wounded.
You constrict the orc wizard.
The orc wizard hits you but does no damage.
An orc priest comes into view. It is wielding a short sword.
The orc priest shouts!
You hit the orc wizard.
You kill the orc wizard!
You hear a shout!
The bat hits you but does no damage. The bat misses you.
The orc priest moves out of view.
A giant cockroach comes into view.
You hit the bat but do no damage. You grab the bat. You constrict the bat.
You kill the bat!
The giant cockroach moves out of view.
Okay, then.
You slash the orc!
You kill the orc!
The orc priest mumbles some strange prayers to Beogh against you.
Pain shoots through your body!
You die...

##.....<[...........#.##...
##..............#..##.#
##.# #####..........#.###.#
# #..........#.###.#
#####....##....#...#
#......#.)..##...#
#.######....##.###
#.##.#..# ...# .#@## #.##.#
.#)# #. #.##...# # #.###.(.
#. .[#(. .....o. .##. ....
.. #. ...(. .# .. ......


You could see an orc priest.

Vanquished Creatures
  2 orc wizards (D:3)
  Natasha (D:3)
  A gnoll (D:1)
  An adder (D:2)
  An ooze (D:1)
  3 worms
  2 leopard geckos (D:2)
  2 orcs (D:3)
  3 ball pythons
  4 giant cockroaches
  8 goblins
  10 hobgoblins
  10 bats
  4 frilled lizards
  11 kobolds
  2 rats (D:2)
65 creatures vanquished.

Notes
Turn   | Place    | Note
-------+----------+-------------------------------------------
     0 | D:1      | Melicamp the Octopode Wanderer began the quest for the Orb.
     0 | D:1      | Melicamp set off with: a +2 shortbow, 30 arrows, a +0 hand axe, a potion of lignification, a ration
     0 | D:1      | Reached XP level 1. HP: 16/16 MP: 1/1
   118 | D:1      | Reached XP level 2. HP: 21/21 MP: 2/2
   287 | D:1      | Reached skill level 1 in Axes
   654 | D:1      | Reached XP level 3. HP: 27/27 MP: 3/3
  1679 | D:2      | Found a faded altar of an unknown god.
  2010 | D:2      | Reached XP level 4. HP: 32/33 MP: 4/4
  3293 | D:3      | Noticed Natasha
  3306 | D:3      | Reached XP level 5. HP: 26/38 MP: 5/5
  3309 | D:3      | Killed Natasha
  3309 | D:3      | Reached skill level 5 in Fighting
  3315 | D:3      | Killed from afar by an orc priest

Skill      XL: |  1  2  3  4  5 |
---------------+----------------+-----
Axes           | 1 2 |  2.7
Fighting       | 4 5 |  5.3
Bows           | |  5.0
Stealth        | |  1.3
Evocations     | |  1.1

Action                   |  1- 3 |  4- 6 || total
-------------------------+-------+-------++-------
Melee: Hand axe          |    67 |    56 ||   123
       Constrict         |    20 |    16 ||    36
       Tentacles         |    14 |     6 ||    20
 Fire: Shortbow          |    13 |     7 ||    20
Throw: Stone             |     1 |     5 ||     6
 Stab: Sleeping          |     1 |     2 ||     3
  Eat: Chunk             |     3 |     4 ||     7
Armor: Skin              |     7 |     4 ||    11
Dodge: Dodged            |    41 |    29 ||    70
